 Dungeon Crawl Stone Soup version 0.29.1-2-gbd0b4ee654 (webtiles) character file.

Game seed: 4406597602721482658

20967 Icepheonix32 the Warrior (level 12, -29/134 HPs)
             Began as a Minotaur Fighter on Oct 26, 2022.
             Was a High Priest of Okawaru.
             Hit by a large rock thrown by a cyclops (39 damage)
             ... on level 12 of the Dungeon.
             The game lasted 00:33:39 (14759 turns).

Icepheonix32 the Warrior (Minotaur Fighter)        Turns: 14759, Time: 00:33:40

Health: -29/134    AC: 19    Str: 28    XL:     12   Next: 50%
Magic:  15/15      EV: 15    Int: 15    God:    Okawaru [*****.]
Gold:   340        SH:  0    Dex: 11    Spells: 10/11 levels left

rFire   . . .      SeeInvis +   A - +0 quarterstaff (spect)
rCold   . . .      Faith    .   (shield currently unavailable)
rNeg    . . .      Spirit   .   a - +2 chain mail of Ignis's Anger {Str+4 Int+6 SInv}
rPois   +          Reflect  .   R - +2 hat
rElec   .          Harm     .   (no cloak)
rCorr   .          Rampage  .   X - +2 pair of gloves
Will    +....                   (no boots)
Stlth   ..........              u - amulet "Ymuseil" {RegenMP Will+ Str+5}
HPRegen 0.32/turn               f - ring of poison resistance
MPRegen 0.54/turn               C - +4 ring of evasion

@: about to teleport, studying 2 skills
A: horns 2, retaliatory headbutt, hooves 1, weak 1, sturdy frame 1
a: Renounce Religion, Heroism, Finesse, Duel


You were on level 12 of the Dungeon.
You worshipped Okawaru.
Okawaru was extremely pleased with you.
You visited 2 branches of the dungeon, and saw 13 of its levels.
You also visited: Sewer.

You collected 568 gold pieces.
You spent 228 gold pieces at shops.

Inventory:

Hand Weapons
 d - a +4 dagger of venom
 s - a +2 flail of venom
 A - a +0 spectral quarterstaff (weapon)
 L - a +2 short sword of holy wrath
Missiles
 g - 10 boomerangs (quivered)
 z - a silver boomerang
 O - a datura-tipped dart
 U - 3 boomerangs of dispersal
Armour
 a - the +2 chain mail of Ignis's Anger (worn) {Str+4 Int+6 SInv}
   (You bought it in a shop on level 1 of the Dungeon)

   Str:       It affects your strength (+4).
   Int:       It affects your intelligence (+6).
   SInv:      It lets you see invisible.
 c - a +0 buckler
 t - the +3 ring mail of the Stars {rF++ Regen+}
   (You found it on level 7 of the Dungeon)

   rF:        It greatly protects you from fire.
   Regen:     It increases your rate of health regeneration.
 v - a +3 troll leather armour {Snorg}
 w - the -2 buckler of Contentment {rPois Regen+ Dex+3 Stlth-}
   (You found it on level 7 of the Dungeon)

   Dex:       It affects your dexterity (+3).
   rPois:     It protects you from poison.
   Regen:     It increases your rate of health regeneration.
   Stlth:     It makes you less stealthy.
 x - a +2 chain mail of cold resistance
 N - +0 acid dragon scales
 R - a +2 hat (worn)
 X - a +2 pair of gloves (worn)
Magical Staves
 G - a staff of fire
Jewellery
 f - a ring of poison resistance (left hand)
 j - a ring of ice
 q - a ring of ice
 u - the amulet "Ymuseil" (around neck) {RegenMP Will+ Str+5}
   (You took it off a kobold brigand on level 5 of the Dungeon)

   [amulet of magic regeneration]

   It increases your rate of magic regeneration.
   Str:       It affects your strength (+5).
   Will:      It increases your willpower.
 B - a +6 ring of dexterity
 C - a +4 ring of evasion (right hand)
 I - a ring of fire
 M - a ring of see invisible
 P - a ring of protection from cold
 S - a ring of positive energy
Wands
 b - a wand of paralysis (21)
 p - a wand of flame (15)
 y - a wand of light (13)
 F - a wand of mindburst (5)
 K - a wand of polymorph (7)
Scrolls
 e - a scroll of amnesia
 k - 3 scrolls of teleportation
 n - 2 scrolls of magic mapping
 E - a scroll of fear
 Q - 3 scrolls of identify
 T - a scroll of brand weapon
 V - a scroll of blinking
 W - a scroll of summoning {unknown}
Potions
 h - 4 potions of attraction
 i - a potion of mutation
 l - 5 potions of invisibility
 m - 5 potions of curing
 o - 3 potions of flight
 r - 2 potions of magic
 D - 2 potions of heal wounds
 H - a potion of brilliance
 J - 2 potions of lignification


   Skills:
 * Level 20.8 Fighting
 - Level 5.3 Short Blades
 + Level 3.3 Axes
 + Level 9.1 Staves
 * Level 5.7 Throwing
 + Level 10.4 Armour
 + Level 4.4 Dodging
 + Level 3.5 Stealth
 + Level 5.5 Shields
 * Level 5.7 Invocations
 + Level 1.5 Evocations


You had 10 spell levels left.
You knew the following spells:

 Your Spells              Type           Power      Damage    Failure   Level
a - Freeze                Ice            0%         1d3       61%         1

Your spell library contained the following spells:

 Spells                   Type           Power      Damage    Failure   Level
 Magic Dart               Conj           0%         1d3       61%         1
 Ensorcelled Hibernation  Hex/Ice        0%         N/A       75%         2
 Passwall                 Tmut/Erth      0%         N/A       75%         2
 Poisonous Vapours        Pois/Air       0%         N/A       75%         2
 Static Discharge         Conj/Air       0%         3-3/arc   75%         2
 Conjure Flame            Conj/Fire      0%         6-21      93%         3
 Frozen Ramparts          Ice            0%         1d1       93%         3
 Ignite Poison            Fire/Tmut/Pois 0%         N/A       93%         3
 Inner Flame              Hex/Fire       0%         N/A       93%         3
 Mephitic Cloud           Conj/Pois/Air  0%         N/A       93%         3
 Portal Projectile        Hex/Tloc       0%         N/A       93%         3
 Swiftness                Air            0%         N/A       93%         3
 Cause Fear               Hex            0%         N/A       100%        4
 Corpse Rot               Necr/Pois/Air  0%         N/A       100%        4
 Dispel Undead            Necr           0%         3d6       100%        4
 Hailstorm                Conj/Ice       0%         3d3       100%        4
 Ice Form                 Ice/Tmut       0%         N/A       100%        4
 Leda's Liquefaction      Hex/Erth       0%         N/A       100%        4
 Sticky Flame             Conj/Fire      0%         2d3       100%        4
 Dragon Form              Tmut           0%         N/A       100%        7
 Discord                  Hex            0%         N/A       100%        8
 Call Imp                 Summ           Unusable   N/A       N/A         2
 Call Canine Familiar     Summ           Unusable   N/A       N/A         3
 Summon Ice Beast         Ice/Summ       Unusable   N/A       N/A         4
 Dragon's Call            Summ           Unusable   N/A       N/A         9

Dungeon Overview and Level Annotations

Branches:
Dungeon (12/15)            Temple (1/1) D:4            Lair (0/5) D:9
    Orc (0/2) D:11          Sewer (visited)

Altars:
Ashenzari
Cheibriados
Dithmenos
Elyvilon
Fedhas
Gozag
Hepliaklqana
Kikubaaqudgha
Makhleb
Nemelex Xobeh
Okawaru
Qazlal
Ru
Sif Muna
Trog
Uskayaw
Vehumet
Wu Jian
Xom
Yredelemnul
Zin
The Shining One

Shops:
D:1 [   D:7 [   D:9 *

Annotations:
D:3 2 transporters
D:11 5 transporters, RascalDebosk's ghost, journeyman DjCj


Innate Abilities, Weirdness & Mutations

You have a pair of horns on your head.
You reflexively headbutt those who attack you in melee.
You have large cloven feet.
You are weak. (Str -2)
Your movements are slightly less encumbered by armour. (ER -2)


Message History

The unseen horror hits you but does no damage.
The vampire mosquito closely misses you. x3
The vampire mosquito bites you but does no damage.
As you read the scroll of teleportation, it crumbles to dust.
You feel strangely unstable. The unseen horror misses you.
You furiously retaliate!
You headbutt the unseen horror.
The vampire mosquito bites you but does no damage.
The vampire mosquito misses you. You furiously retaliate!
You headbutt the vampire mosquito!
The vampire mosquito bites you but does no damage.
The vampire mosquito misses you. The vampire mosquito barely misses you.
You sock the vampire mosquito!
The vampire mosquito is moderately damaged.
Your +0 spectral quarterstaff hits the vampire mosquito!
The vampire mosquito bites you but does no damage.
The vampire mosquito bites you!
* * * LOW HITPOINT WARNING * * *
The vampire mosquito draws strength from your injuries!
The vampire mosquito bites you.
* * * LOW HITPOINT WARNING * * *
The vampire mosquito draws strength from your injuries!
The vampire mosquito bites you but does no damage.
You closely miss the vampire mosquito. Your kick misses the vampire mosquito.
The vampire mosquito is heavily damaged.
Your +0 spectral quarterstaff hits the vampire mosquito!
You destroy the vampire mosquito!
Okawaru accepts your kill. Okawaru grants you throwing weapons!
Something appears at your feet! The unseen horror misses you.
The vampire mosquito misses you. The vampire mosquito bites you.
* * * LOW HITPOINT WARNING * * *
The vampire mosquito draws strength from your injuries!
The vampire mosquito bites you but does no damage.
You swap places.
The unseen horror hits you but does no damage.
The vampire mosquito bites you but does no damage.
The vampire mosquito attacks as you move away!
The vampire mosquito closely misses you.
The cyclops throws a large rock.
The large rock hits you!!!
You die...

... ....
##########....
#.............
#..$.y......#
#...@y......#
#....x†.....#.
#.....§.......
#...C........#
#...........##
#...........#
#...........#
#...........#
#.............


You could see a cyclops, an unseen horror (invisible) and 2 vampire mosquitoes.

Vanquished Creatures
  Snorg (D:10)
  A fire dragon (D:10)
  A boulder beetle (D:10)
  An ogre mage (D:10)
  2 two-headed ogres
  4 skeletal warriors
  Pikel (D:8)
  2 ugly things
  3 cyclopes
  A manticore (D:10)
  Joseph (D:8)
  An unseen horror (D:11)
  2 kobold demonologists (D:11)
  3 trolls (D:11)
  A hornet (D:7)
  Grinder (Sewer)
  Prince Ribbit (D:5)
  A slime creature (D:10)
  Sigmund (D:4)
  A centaur simulacrum (D:10)
  2 shadows
  3 wyverns
  13 yaks
  3 basilisks
  2 humans (D:8)
  A steam dragon (D:8)
  12 vampire mosquitoes
  Edmund (D:6)
  An acid dragon (D:10)
  5 water moccasins
  3 orc warriors
  3 black bears
  An ogre (D:5)
  A sky beast (D:6)
  3 centaurs
  3 wolves
  A phantom (D:7)
  A lemure (D:8)
  3 kobold brigands
  2 bullfrogs
  3 necrophages
  4 scorpions
  4 killer bees (D:10)
  8 howler monkeys
  A crimson imp (D:8)
  2 quasits (Sewer)
  3 gnoll boudas
  4 orc priests
  2 hounds
  A jelly (D:7)
  4 iguanas
  9 orc wizards
  Robin (D:3)
  10 gnolls
  8 adders
  4 shadow imps
  2 white imps
  5 ufetubi (Sewer)
  An adder zombie (Sewer)
  4 dart slugs
  21 orcs
  9 endoplasms
  7 giant cockroaches
  20 goblins
  9 hobgoblins
  9 jackals
  5 quokkas
  11 ball pythons
  4 bats
  3 frilled lizards
  35 kobolds
  A kobold zombie (Sewer)
  8 rats
316 creatures vanquished.

Vanquished Creatures (others)
  A vampire mosquito (D:12)
  2 fungi
  11 plants
14 creatures vanquished.

Grand Total: 330 creatures vanquished

Notes
Turn   | Place    | Note
-------+----------+-------------------------------------------
     0 | D:1      | Icepheonix32 the Minotaur Fighter began the quest for the
                  | Orb.
     0 | D:1      | Reached XP level 1. HP: 19/19 MP: 0/0
   213 | D:1      | Reached skill level 4 in Fighting
   213 | D:1      | Reached XP level 2. HP: 27/27 MP: 1/1
   231 | D:1      | Found Dienupn's Antique Armour Shop.
   555 | D:1      | Reached XP level 3. HP: 34/34 MP: 2/2
  1064 | D:2      | You fall into a shaft and drop 1 floor!
  1072 | D:3      | Found a transporter.
  1076 | D:3      | Found a transporter.
  1085 | D:3      | Noticed Robin
  1106 | D:3      | Reached skill level 5 in Fighting
  1106 | D:3      | Killed Robin
  1107 | D:3      | Reached XP level 4. HP: 15/42 MP: 3/3
  1205 | D:3      | Found a blossoming altar of Fedhas.
  1300 | D:3      | Found a glowing drain.
  1323 | Sewer    | Entered a sewer
  1631 | Sewer    | Reached skill level 6 in Fighting
  1653 | Sewer    | Reached XP level 5. HP: 23/50 MP: 4/4
  1889 | Sewer    | Found a burning altar of Makhleb.
  1916 | Sewer    | Reached skill level 5 in Armour
  2021 | Sewer    | Reached skill level 7 in Fighting
  2021 | Sewer    | Reached skill level 1 in Short Blades
  2083 | Sewer    | Noticed Grinder
  2091 | Sewer    | Reached XP level 6. HP: 47/60 MP: 5/5
  2096 | Sewer    | Paralysed by Grinder for 5 turns
  2102 | Sewer    | Paralysed by Grinder for 5 turns
  2107 | Sewer    | Reached skill level 19 in Fighting
  2107 | Sewer    | Reached XP level 7. HP: 16/92 MP: 6/6
  2108 | Sewer    | Gained mutation: You have large cloven feet. [potion of
                  | mutation]
  2108 | Sewer    | Gained mutation: Your flesh is heat resistant. (rF+)
                  | [potion of mutation]
  2108 | Sewer    | Gained mutation: You are frail. (-10% HP) [potion of
                  | mutation]
  2108 | Sewer    | Gained mutation: Your spells are a little harder to cast,
                  | but a little more powerful. [potion of mutation]
  2115 | Sewer    | HP: 2/82 [Grinder (8)]
  2118 | Sewer    | Killed Grinder
  2477 | Sewer    | Lost mutation: You are frail. (-10% HP) [potion of
                  | mutation]
  2477 | Sewer    | Lost mutation: Your flesh is heat resistant. (rF+) [potion
                  | of mutation]
  2477 | Sewer    | Lost mutation: Your spells are a little harder to cast, but
                  | a little more powerful. [potion of mutation]
  2477 | Sewer    | Gained mutation: You are weak. (Str -2) [potion of
                  | mutation]
  2477 | Sewer    | Gained mutation: Your movements are slightly less
                  | encumbered by armour. (ER -2) [potion of mutation]
  2689 | D:3      | Found a broken altar of Ashenzari.
  3816 | D:2      | Learned a level 1 spell: Freeze
  3894 | D:1      | Found a faded altar of an unknown god.
  4131 | D:4      | Noticed Sigmund
  4166 | D:4      | Killed Sigmund
  4167 | D:4      | Reached XP level 8. HP: 68/100 MP: 7/7
  4441 | D:4      | Found a staircase to the Ecumenical Temple.
  4506 | Temple   | Entered the Ecumenical Temple
  5109 | D:5      | Entered Level 5 of the Dungeon
  5442 | D:5      | Found a radiant altar of Vehumet.
  5457 | D:5      | Reached skill level 1 in Dodging
  5788 | D:5      | Found a stormy altar of Qazlal.
  6218 | D:5      | Noticed Prince Ribbit
  6227 | D:5      | Killed Prince Ribbit
  6521 | D:6      | Noticed Edmund
  6537 | D:6      | Killed Edmund
  6745 | D:6      | Reached XP level 9. HP: 107/107 MP: 8/8
  6756 | D:6      | Identified the amulet "Ymuseil" {RegenMP Will+ Str+5}
  7759 | D:1      | Bought a dazzling chain mail for 228 gold pieces
  7759 | D:1      | Identified the +2 chain mail of Ignis's Anger {Str+4 Int+6
                  | SInv} (You bought it in a shop on level 1 of the Dungeon)
  8227 | D:7      | Found Cunot's Antique Armour Shop.
  8255 | D:7      | Identified the -2 buckler of Contentment {rPois Regen+
                  | Dex+3 Stlth-}
  8273 | D:7      | Identified the +3 ring mail of the Stars {rF++ Regen+}
  8924 | D:8      | Noticed Joseph
  8929 | D:8      | Killed Joseph
  8930 | D:8      | Reached skill level 5 in Short Blades
  8930 | D:8      | Reached skill level 5 in Shields
  8975 | D:8      | Reached skill level 1 in Stealth
  9027 | D:8      | Found an iron altar of Okawaru.
  9043 | D:8      | Reached XP level 10. HP: 101/117 MP: 9/9
  9058 | D:8      | Became a worshipper of Warmaster Okawaru
  9127 | D:8      | Found a shimmering altar of Xom.
  9127 | D:8      | Found a burning altar of Makhleb.
  9335 | D:8      | Noticed Pikel
  9350 | D:8      | Killed Pikel
  9351 | D:8      | Reached skill level 1 in Invocations
  9723 | D:8      | Reached skill level 1 in Staves
  9725 | D:8      | Reached * piety under Okawaru
  9976 | D:9      | Reached ** piety under Okawaru
  9983 | D:9      | Reached skill level 20 in Fighting
 10082 | D:9      | Found a staircase to the Lair.
 10257 | D:9      | Noticed a two-headed ogre
 10264 | D:9      | Killed a two-headed ogre
 10264 | D:9      | Reached *** piety under Okawaru
 10274 | D:9      | Reached skill level 1 in Throwing
 10277 | D:9      | Reached XP level 11. HP: 124/124 MP: 12/12
 10478 | D:9      | Found Aceur's Assorted Antiques.
 10800 | D:10     | Entered Level 10 of the Dungeon
 11151 | D:10     | Noticed Snorg
 11168 | D:10     | Killed Snorg
 11168 | D:10     | Reached **** piety under Okawaru
 11294 | D:10     | Reached skill level 5 in Staves
 11650 | D:10     | Noticed a boulder beetle
 11652 | D:10     | Noticed an ogre mage
 11659 | D:10     | Killed a boulder beetle
 11664 | D:10     | Killed an ogre mage
 11834 | D:10     | Noticed a white ugly thing
 11842 | D:10     | Killed a white ugly thing
 12081 | D:10     | Noticed a skeletal warrior
 12090 | D:10     | Killed a skeletal warrior
 12327 | D:10     | Reached ***** piety under Okawaru
 12488 | D:10     | Reached skill level 1 in Evocations
 12506 | D:10     | Noticed a fire dragon
 12515 | D:10     | Killed a fire dragon
 12735 | D:10     | Received a gift from Okawaru
 12921 | D:10     | Found a sacrificial altar of Ru.
 13029 | D:10     | Identified a scroll of acquirement
 13029 | D:10     | Acquired a manual of Staves
 13173 | D:11     | Found a transporter.
 13191 | D:11     | Found a transporter.
 13195 | D:11     | Noticed RascalDebosk's ghost (journeyman DjCj)
 13195 | D:11     | Noticed a seven-headed hydra
 13370 | D:11     | Reached XP level 12. HP: 128/134 MP: 14/14
 13414 | D:11     | Received a gift from Okawaru
 13576 | D:11     | Found a transporter.
 13742 | D:11     | Found a transporter.
 13762 | D:11     | Found a transporter.
 13806 | D:11     | Reached skill level 5 in Invocations
 13887 | D:11     | Found a staircase to the Orcish Mines.
 14190 | D:11     | Noticed a two-headed ogre
 14197 | D:11     | Killed a two-headed ogre
 14198 | D:11     | Reached skill level 5 in Throwing
 14198 | D:11     | Reached skill level 10 in Armour
 14233 | D:11     | Found a transporter.
 14757 | D:12     | Received a gift from Okawaru
 14759 | D:12     | Hit by a large rock thrown by a cyclops

Illustrated notes

Levels and vault maps discovered:
D:1:      dpeg_arrival_prison, layout_basic, serial_shops,
          nicolae_shop_advertising_works [nicolae_subvault_shop_adworks],
          serial_forest, infiniplex_forest_straight_2,
          infiniplex_forest_straight_4, infiniplex_forest_corner_1,
          infiniplex_forest_clump_long, infiniplex_forest_lined_3,
          infiniplex_forest_straight_2, shapermc_ecumenical_altar_petra,
          minmay_misc_feat_tiny
D:2:      layout_loops_ring
D:3:      gammafunk_wand_slinger, layout_loops_ring,
          mainiacjoe_overflow_alcove_1, nicolae_ashenzari_panopticon,
          portal_sewer_entry_f, uniq_robin
D:4:      layout_gridville, minmay_temple_entry_sparse_star, uniq_sigmund
D:5:      layout_basic, overflow_temple_1_default, overflow_temple_1_default,
          uniq_prince_ribbit1
D:6:      layout_basic, uniq_edmund
D:7:      layout_basic, serial_shops, shop
D:8:      layout_loops_corners, grunt_temple_overflow_champion_of_chaos,
          okawaru_humans, kennysheep_potato, uniq_pikel, uniq_joseph
D:9:      layout_irregular_city, minmay_lair_entry_grove, serial_shops,
          nicolae_take_the_stairs
D:10:     layout_irregular_city, mainiacjoe_overflow_alcove_2, minmay_evil_grid,
          uniq_snorg
D:11:     layout_irregular_city, orc_0_dummy, gammafunk_ghost_berserking_beasts,
          serial_column_ruins, column_ruins_hut_water, column_ruins_grid_1,
          column_ruins_columns_dead_end, column_ruins_columns_straight,
          column_ruins_open_small, column_ruins_corridor_straight,
          column_ruins_open_small_water, nicolae_transporter_intersection
D:12:     layout_basic, minmay_misc_feat_encased
Temple:   eino_temple_lava

Skill      XL: |  1  2  3  4  5  6  7  8  9 10 11 12 |
---------------+-------------------------------------+-----
Fighting       | 4 5 6 7 19 20 | 20.8
Axes           | 3 |  3.3
Armour         | 4 5 6 8 9 10 | 10.4
Shields        | 4 5 |  5.5
Short Blades   | 1 2 3 5 |  5.3
Dodging        | 2 3 4 |  4.4
Stealth        | 1 3 |  3.5
Invocations    | 3 4 5 |  5.7
Staves         | 3 7 9 |  9.1
Throwing       | 1 4 5 |  5.7
Evocations     | 1 |  1.5

Action                   |  1- 3 |  4- 6 |  7- 9 | 10-12 || total
-------------------------+-------+-------+-------+-------++-------
Melee: War axe           |    76 |       |       |       ||    76
       Headbutt          |     9 |    20 |    74 |    68 ||   171
       Dagger            |       |   127 |   369 |     9 ||   505
       Kick              |       |       |   117 |   106 ||   223
       Quarterstaff      |       |       |       |   251 ||   251
Throw: Boomerang         |       |     7 |     5 |    12 ||    24
       Dart              |       |       |       |     5 ||     5
Invok: Heroism           |       |       |       |     1 ||     1
Evoke: Wand              |       |       |       |    16 ||    16
  Use: Potion            |     1 |     4 |     7 |     3 ||    15
       Scroll            |       |     2 |     6 |     7 ||    15
 Stab: Invisible         |       |       |       |     9 ||     9
       Distracted        |       |       |       |     3 ||     3
Armor: Scale mail        |    33 |   138 |   102 |       ||   273
       Chain mail        |       |       |    21 |    97 ||   118
Dodge: Dodged            |    31 |   115 |   167 |   168 ||   481
Block: Buckler           |    21 |    57 |    45 |     2 ||   125
